 Dungeon Crawl Stone Soup version 0.25-a0-707-g603da076d2 (webtiles) character file.

Game seed: 4937461902360589318, levelgen mode: deterministic

819 Amnesiac the Thaumaturge (level 7, 0/41 HPs)
             Began as a Deep Elf Wizard on Apr 5, 2020.
             Was an Initiate of Vehumet.
             Succumbed to an adder's poison
             ... on level 6 of the Dungeon.
             The game lasted 00:10:36 (5787 turns).

Amnesiac the Thaumaturge (Deep Elf Wizard)          Turns: 5787, Time: 00:10:36

Health: 0/41       AC:  2    Str:  4    XL:     7   Next: 63%
Magic:  17/22      EV: 14    Int: 25    God:    Vehumet [......]
Gold:   254        SH:  0    Dex: 13    Spells: 14/25 levels left

rFire    . . .     SeeInvis .   b - +1 short sword
rCold    . . .     Gourm    .   (no shield)
rNeg     . . .     Faith    .   a - +0 robe
rPois    .         Spirit   .   (no helmet)
rElec    .         Reflect  .   (no cloak)
rCorr    .         Harm     .   (no gloves)
MR       +....                  (no boots)
Stlth    ++........             c - amulet of inaccuracy (curse)
HPRegen  0.13/turn              n - ring of protection from magic
MPRegen  0.18/turn              (no ring)

@: lethally poisoned (0 -> -3)
A: no striking features
a: Renounce Religion


You were on level 6 of the Dungeon.
You worshipped Vehumet.
Vehumet was noncommittal.
You were hungry.

You visited 1 branch of the dungeon, and saw 7 of its levels.

You collected 254 gold pieces.

Inventory:

Hand Weapons
 b - a +1 short sword (weapon)
Missiles
 m - 5 poisoned darts (quivered)
Armour
 a - a +0 robe (worn)
 i - a +0 kite shield
Jewellery
 c - a cursed amulet of inaccuracy (around neck)
 n - a ring of protection from magic (left hand)
Scrolls
 f - a scroll of enchant weapon {!r}
 h - 2 scrolls of remove curse {!r}
 k - 3 scrolls of blinking {!r}
 l - a scroll of teleportation {!r}
Comestibles
 d - 13 rations


   Skills:
 - Level 3.0 Fighting
 + Level 4.9 Dodging
 - Level 2.4 Stealth
 + Level 1.1 Shields
 * Level 9.6 Spellcasting
 - Level 1.1 Conjurations
 - Level 1.1 Summonings
 - Level 1.1 Translocations


You had 14 spell levels left.
You knew the following spells:

 Your Spells              Type           Power        Failure   Level  Hunger
a - Magic Dart            Conj           ###.         3%          1    None
b - Call Imp              Summ           ###.....     4%          2    None
e - Mephitic Cloud        Conj/Pois/Air  ##......     13%         3    None
s - Conjure Flame         Conj/Fire      ##......     12%         3    None
v - Blink                 Tloc           N/A          4%          2    None

Your spell library contained the following spells:

 Spells                   Type           Power        Failure   Level  Hunger
 Slow                     Hex            ##......     8%          2    None


Dungeon Overview and Level Annotations

Branches:
Dungeon (7/15)
 Temple: D:4-7

Altars:
Nemelex Xobeh
Okawaru
Vehumet
Yredelemnul
The Shining One

Shops:
D:4 *


Message History

You see here a stone.
Really read
f - 2 scrolls labeled TAEKKE XUMN {!r}?
As you read the scroll labeled TAEKKE XUMN {!r}, it crumbles to dust.
It is a scroll of enchant weapon.
Your +0 short sword glows red for a moment.
Drop what? 13/52 slots (_ for help) (? for menu, Esc to quit)
You drop a cursed +0 halberd.
The gnoll throws a stone.
The stone closely misses you.
Okay, then.
Okay, then.
Really read
e - a scroll labeled XUIL YMORYNYMIAKH {!r}?
As you read the scroll labeled XUIL YMORYNYMIAKH {!r}, it crumbles to dust.
You feel aware of your surroundings.
You sensed 1 shop/portal.
It was a scroll of magic mapping {!r}.
The gnoll throws a stone.
The stone closely misses you.
Unknown command.
The gnoll throws a stone.
The stone misses you.
You see here a cursed +0 halberd.
You see here a stone.
Casting: Mephitic Cloud (safe; 13% risk of failure)
Confirm with . or Enter, or press ? or * to list all spells.
Aiming: Mephitic Cloud (safe; 13% risk of failure)
Press: ? - help, Shift-Dir - straight line, f - gnoll
Aim: a gnoll The ball explodes into a vile cloud!
The stinking cloud engulfs the gnoll but does no damage.
You hear a bark!
The gnoll is engulfed in noxious fumes.
The gnoll appears confused.
The gnoll mumbles something.
The gnoll is engulfed in noxious fumes.
The gnoll appears confused.
You see here a cursed +0 halberd.
The gnoll is engulfed in noxious fumes.
The gnoll appears confused.
You see here 2 stones.
The gnoll ponders the situation.
The gnoll is too close now for your liking.
A gnoll is nearby!
The adder hisses angrily.
You hear a shout!
The gnoll shouts!
The adder bites you.
* * * LOW HITPOINT WARNING * * *
The adder misses you. The gnoll hits you.
* * * LOW HITPOINT WARNING * * *
The gnoll hits you.
* * * LOW HITPOINT WARNING * * *
Casting: Mephitic Cloud (safe; 13% risk of failure)
Confirm with . or Enter, or press ? or * to list all spells.
You blink.
The jelly quivers.
The gnoll throws a stone.
The stone hits you.
* * * LOW HITPOINT WARNING * * *
The quokka zombie closely misses you.
The gnoll throws a stone.
The stone hits you.
* * * LOW HITPOINT WARNING * * *
You see here a stone.
You are feeling hungry.
The gnoll throws a stone.
The stone barely misses you.
You see here a stone.
There is an escape hatch in the floor here.
The adder misses you. The adder bites you.
* * * LOW HITPOINT WARNING * * *
You are lethally poisoned!
The adder poisons you!
You hear the slow hiss of a distant avalanche of sand.
You die...

.<.....#####.,,,,,,,,,,,,,,,,****
.)>..<....<.J,,,,,,,,,*,,,,,,*,,,
.............,,,,,,,,,,,,,,,,***,
.............,,,,,,,,,***,,*,,,,,
.......#####.,,*****,,***,,*,***,
#......# #.,,,,,,,,,,,,,,,,*,,,
###.#### #..,**********,**,****
#.# #...####### *,**,,,,, ###.#
#....@....####,,,***,, ....#
#...##..>....#**,***,, ##O.#
###**#S##J##.# *,,,,,, .Zc(#
###O##(#*,# ****,,,
##O############....Zg#*.# *,,,
..g((gS##.O.....#.##.##.# *,,,
##(###.##.#######.......# ***,
#ā‰ˆ.ā‰ˆ.#.##.# ###...### *,
oā‰ˆgā‰ˆ##....# ##.....### **


You could see an ogre, a jelly and an adder.

Vanquished Creatures
  An ogre (D:4)
  A centaur (D:7)
  A scorpion (D:5)
  A crimson imp (D:5)
  An orc priest (D:3)
  5 orc wizards
  A bullfrog skeleton (D:5)
  2 worker ants
  A hound skeleton (D:5)
  3 gnolls (D:4)
  6 adders
  An ooze (D:2)
  2 worms (D:2)
  A dart slug (D:1)
  4 leopard geckos
  15 orcs
  3 ball pythons
  4 giant cockroaches
  12 goblins
  6 hobgoblins
  7 jackals
  7 bats
  6 frilled lizards
  4 kobolds
  8 rats
103 creatures vanquished.

Vanquished Creatures (collateral kills)
  2 ogres
  A worker ant (D:4)
  A worm (D:2)
  A giant cockroach (D:2)
  2 kobolds
7 creatures vanquished.

Grand Total: 110 creatures vanquished

Notes
Turn   | Place    | Note
-------+----------+-------------------------------------------
     0 | D:1      | Amnesiac the Deep Elf Wizard began the quest for the Orb.
     0 | D:1      | Reached XP level 1. HP: 10/10 MP: 7/7
   361 | D:1      | Reached skill level 5 in Spellcasting
   389 | D:1      | Reached XP level 2. HP: 7/15 MP: 5/10
   393 | D:1      | Learned a level 2 spell: Blink
   396 | D:1      | Learned a level 2 spell: Call Imp
  1384 | D:2      | Learned a level 1 spell: Magic Dart
  1429 | D:2      | Noticed an ogre
  1438 | D:2      | Killed an ogre
  1438 | D:2      | Reached skill level 6 in Spellcasting
  1438 | D:2      | Reached XP level 3. HP: 19/19 MP: 5/13
  1438 | D:2      | Reached XP level 4. HP: 24/24 MP: 5/14
  1448 | D:2      | Learned a level 3 spell: Conjure Flame
  1452 | D:2      | Learned a level 3 spell: Mephitic Cloud
  1643 | D:2      | Reached skill level 7 in Spellcasting
  2310 | D:3      | Reached XP level 5. HP: 16/28 MP: 2/17
  2438 | D:2      | Reached skill level 8 in Spellcasting
  3425 | D:4      | Found Kogoluat's Elemental Accessories.
  3464 | D:4      | HP: 1/28 [poisoned by a worker ant]
  3469 | D:4      | HP: 1/42 [poisoned by a worker ant]
  3781 | D:4      | Reached skill level 1 in Fighting
  3901 | D:4      | Reached XP level 6. HP: 23/34 MP: 13/19
  4005 | D:4      | Found a sparkling altar of Nemelex Xobeh.
  4015 | D:4      | Reached skill level 9 in Spellcasting
  4246 | D:4      | Found a radiant altar of Vehumet.
  4246 | D:4      | Found a glowing golden altar of the Shining One.
  4278 | D:4      | Became a worshipper of Vehumet
  4628 | D:4      | Reached XP level 7. HP: 39/40 MP: 14/21
  4888 | D:4      | Found a basalt altar of Yredelemnul.
  5112 | D:5      | Entered Level 5 of the Dungeon
  5145 | D:5      | HP: 2/40 [ice beast (14)]
  5630 | D:5      | HP: 2/40 [scorpion (7)]
  5637 | D:6      | You fall into a shaft and drop 1 floor!
  5648 | D:7      | Reached skill level 1 in Shields
  5693 | D:6      | Found an iron altar of Okawaru.
  5781 | D:6      | HP: 2/41 [gnoll/stone (5)]
  5786 | D:6      | HP: 1/41 [adder (2)]
  5787 | D:6      | Succumbed to an adder's poison

Levels and vault maps discovered:
D:1:      elethiomel_arrival_infinity_welcomes_careful_drivers, layout_basic
D:2:      layout_loops_ring
D:3:      layout_rooms, first_ration, palyth_stone_intersect
D:4:      layout_loops_cross, kennysheep_mini, lemuel_round_altar,
          gammafunk_temple_overflow_pools, nicolae_elemental_shop
D:5:      layout_loops_ring
D:6:      layout_loops_cross, okawaru_altar_gauntlet_db, enter_ossuary_4
D:7:      layout_loops_corners, minmay_temple_entry_butterflies,
          grunt_livestock, uniq_duvessa

Skill      XL: |  1  2  3  4  5  6  7 |
---------------+----------------------+-----
Spellcasting   | 5 6 7 8 9 |  9.6
Fighting       | 1 2 3 |  3.0
Dodging        | 4 |  4.9
Shields        | 1 |  1.1
Stealth        | |  2.4
Conjurations   | |  1.1
Summonings     | |  1.1
Translocations | |  1.1

Action                   |  1- 3 |  4- 6 |  7- 9 || total
-------------------------+-------+-------+-------++-------
Melee: Unarmed           |     6 |     2 |       ||     8
       Short sword       |       |     4 |       ||     4
Throw: Dart              |       |       |     8 ||     8
 Cast: Magic Dart        |    44 |   246 |    89 ||   379
       Call Imp          |     7 |     5 |     3 ||    15
       Mephitic Cloud    |       |     5 |     6 ||    11
       Blink             |       |     3 |     1 ||     4
       Conjure Flame     |       |       |     1 ||     1
  Use: Scroll            |     3 |     4 |     2 ||     9
       Potion            |       |     2 |     1 ||     3
  Eat: Chunk             |     1 |    10 |     3 ||    14
Armor: Robe              |     6 |    18 |     3 ||    27
Dodge: Dodged            |    24 |   100 |    59 ||   183

Table legend:
 A = Non-vault XP
 B = Vault XP
 C = Vault XP percentage of total XP
 D = Non-vault monster count
 E = Vault monster count
 F = Vault count percentage of total count
                 A         B        C        D         E       F
            +---------+---------+-------+---------+---------+-------
      Total |    1171 |       0 |   0.0 |     110 |       0 |   0.0
            +---------+---------+-------+---------+---------+-------
        D:1 |      19 |       0 |   0.0 |      13 |       0 |   0.0
        D:2 |     139 |       0 |   0.0 |      30 |       0 |   0.0
        D:3 |     151 |       0 |   0.0 |      32 |       0 |   0.0
        D:4 |     535 |       0 |   0.0 |      29 |       0 |   0.0
        D:5 |     217 |       0 |   0.0 |       5 |       0 |   0.0
        D:7 |     110 |       0 |   0.0 |       1 |       0 |   0.0
            +---------+---------+-------+---------+---------+-------
